 Dungeon Crawl Stone Soup version 0.18-a0-993-g4a3b7c7 (webtiles) character file.

666 M4edhros the Sneak (level 7, -9/43 HPs)
             Began as an Octopode Artificer on Jan 4, 2016.
             Was a Believer of Okawaru.
             Shot with an arrow by a centaur (11 damage)
             ... on level 5 of the Dungeon.
             The game lasted 00:05:42 (3909 turns).

M4edhros the Sneak (Octopode Artificer)             Turns: 3909, Time: 00:05:43

Health: -9/43      AC:  3    Str: 10    XL:     7   Next: 57%
Magic:  10/10      EV: 14    Int: 16    God:    Okawaru [**....]
Gold:   284        SH:  0    Dex: 13    Spells: 0 memorised, 6 levels left

rFire  + . .     SeeInvis .     t - +4 quarterstaff (chaos)
rCold  . . .     Gourm    .     (shield currently unavailable)
rNeg   . . .     Faith    .     (helmet restricted)
rPois  .         Spirit   .     (no amulet)
rElec  .         Dismiss  .     e - +2 ring of protection (curse)
rCorr  .         Reflect  .     A - ring of protection from fire (curse)
SustAt .         Harm     .     (no ring)
MR     .....                    (no ring)
Stlth  +++++.....               (no ring)
                                (no ring)
                                (no ring)
                                (no ring)

@: not resistant to hostile enchantments, quite stealthy
A: almost no armour, amphibious, 8 rings, constrict 8, camouflage 1, gelatinous
body 1
a: Heroism, Renounce Religion


You were on level 5 of the Dungeon.
You worshipped Okawaru.
Okawaru was pleased with you.
You were not hungry.

You visited 1 branch of the dungeon, and saw 5 of its levels.

You collected 284 gold pieces.

Inventory:

Hand Weapons
 a - a +0 short sword
 t - a +4 quarterstaff of chaos (weapon)
 y - a +0 hunting sling
Missiles
 l - 23 sling bullets
 q - 33 stones (quivered)
Jewellery
 e - a cursed +2 ring of protection (left tentacle)
 z - an uncursed ring of ice
 A - a cursed ring of protection from fire (right tentacle)
Wands
 b - a wand of flame (11/48)
 c - a wand of enslavement (11/24)
 d - a wand of random effects (12/48)
 j - a wand of confusion (26/48)
 r - a wand of flame (25/48)
 w - a wand of frost (26/48)
Scrolls
 g - a scroll of noise {unknown}
 h - a scroll of random uselessness {unknown}
 i - 5 scrolls of remove curse {unknown}
 m - 4 scrolls of teleportation {unknown}
 o - 8 scrolls of identify {unknown}
 p - a scroll of recharging {unknown}
Potions
 n - a potion of haste
 s - 3 potions of heal wounds {unknown}
 u - 2 potions of curing {unknown}
 x - a potion of mutation {unknown}
 B - a potion of cure mutation {unknown}
Comestibles
 f - a bread ration
 k - 2 beef jerkies
 v - a slice of pizza


   Skills:
 - Level 1.0 Fighting
 - Level 1.0 Short Blades
 * Level 3.1 Slings
 * Level 5.0 Dodging
 * Level 6.6 Stealth
 + Level 4.7 Evocations


You had 6 spell levels left.
You didn't know any spells.

Dungeon Overview and Level Annotations

Branches:
Dungeon (5/15)
 Temple: D:4-7

Altars:
Ashenzari
Kikubaaqudgha
Okawaru
Vehumet


Innate Abilities, Weirdness & Mutations

You cannot wear most types of armour.
You are amphibious.
You can wear up to eight rings at the same time.
You can use your tentacles to constrict eight enemies at once.
Your skin changes colour to match your surroundings (Stealth).
Your rubbery body absorbs attacks (AC +1).


Message History

The centaur shouts!
The centaur resists with significant effort.
This wand has 13 charges left.
The centaur wields a runed shortbow.
The centaur shoots an arrow.
The arrow hits you!
* * * LOW HITPOINT WARNING * * *
Evoke which item? (* to show all) (? for menu, Esc to quit)
Zapping:
c - a wand of enslavement (13/24)
Press: ? - help, Shift-Dir - straight line, f/p - centaur
Aim: a centaur, wielding a shortbow of evasion (chance to defeat MR: 55%)
The centaur resists with significant effort.
This wand has 12 charges left.
The centaur shoots an arrow.
The arrow hits you.
* * * LOW HITPOINT WARNING * * *
Evoke which item? (* to show all) (? for menu, Esc to quit)
Zapping:
c - a wand of enslavement (12/24)
Press: ? - help, Shift-Dir - straight line, f/p - centaur
Aim: a centaur, wielding a shortbow of evasion (chance to defeat MR: 55%)
The centaur resists with significant effort.
This wand has 11 charges left.
The centaur shoots an arrow.
The arrow closely misses you.
The centaur shoots an arrow.
The arrow hits you!
You die...

# #.. ##..# ..#
##.##...###..###
..
.........#.....#
#..
##..........#.#
#..#
#..####.....#
..## #..
#..###.# ...#
#.. #..# # #...
.. #..# # . #@.#
# #.......# #
.........#
.#####....
.....# .....c#
.. ..####.# ..#
#. .# .##


You could see a centaur.

Vanquished Creatures
  The ghost of Dirtsage the Insei, an amateur DsGl (D:4)
  2 centaurs (D:5)
  A water moccasin skeleton (D:5)
  A hound (D:5)
  A giant frog skeleton (D:4)
  An orc priest (D:3)
  Crazy Yiuf (D:2)
  An orc wizard (D:4)
  Jessica (D:2)
  A worker ant (D:5)
  A gnoll (D:5)
  4 adders
  2 giant geckos
  17 orcs
  2 ball pythons
  5 giant cockroaches
  5 goblins
  8 hobgoblins
  10 bats
  7 giant newts
  7 kobolds
  6 rats
85 creatures vanquished.

Vanquished Creatures (collateral kills)
  3 gnolls (D:5)
3 creatures vanquished.

Grand Total: 88 creatures vanquished

Notes
Turn   | Place    | Note
--------------------------------------------------------------
     0 | D:1      | M4edhros the Octopode Artificer began the quest for the Orb.
     0 | D:1      | Reached XP level 1. HP: 13/13 MP: 3/3
    98 | D:1      | You fall through a shaft!
   112 | D:2      | Noticed Jessica
   121 | D:2      | Killed Jessica
   121 | D:2      | Reached XP level 2. HP: 2/18 MP: 4/4
   121 | D:2      | Reached XP level 3. HP: 2/23 MP: 5/5
   417 | D:2      | Found an ancient bone altar of Kikubaaqudgha.
   470 | D:2      | Found a shattered altar of Ashenzari.
   470 | D:2      | Found an iron altar of Okawaru.
   470 | D:2      | Found a radiant altar of Vehumet.
   479 | D:2      | Became a worshipper of Warmaster Okawaru
  1255 | D:2      | Noticed Crazy Yiuf
  1263 | D:2      | Killed Crazy Yiuf
  1263 | D:2      | Reached XP level 4. HP: 13/28 MP: 6/6
  1547 | D:3      | Reached skill level 4 in Stealth
  1770 | D:3      | Reached XP level 5. HP: 17/33 MP: 6/8
  2531 | D:4      | Reached skill level 5 in Stealth
  3059 | D:4      | Reached XP level 6. HP: 38/38 MP: 9/9
  3189 | D:4      | Noticed Dirtsage's ghost (amateur DsGl)
  3203 | D:4      | Killed Dirtsage's ghost
  3203 | D:4      | Reached * piety under Okawaru
  3203 | D:4      | Reached skill level 1 in Slings
  3639 | D:5      | Entered Level 5 of the Dungeon
  3748 | D:5      | Reached XP level 7. HP: 31/43 MP: 10/10
  3754 | D:5      | Reached skill level 6 in Stealth
  3801 | D:5      | Reached ** piety under Okawaru
  3801 | D:5      | Reached skill level 5 in Dodging
  3908 | D:5      | HP: 2/43 [centaur/arrow (1)]
  3909 | D:5      | Shot with an arrow by a centaur

Vault maps used:
D:1:      eino_arrival_druids_welcome
D:2:      minitemple, serial_bayou_pond_e, uniq_jessica, uniq_crazy_yiuf_cottage
D:3:      kennysheep_decorative_pillar
D:5:      first_bread, lightli_ossuary_entry_decrepit_ruins

Action                   |  1- 3 |  4- 6 |  7- 9 || total
-------------------------+-------+-------+-------++-------
Melee: Short sword       |    50 |       |       ||    50
       Quarterstaff      |       |   104 |    19 ||   123
Evoke: Wand              |     2 |     6 |     3 ||    11
  Use: Potion            |       |       |     2 ||     2
 Stab: Sleeping          |    11 |    13 |     2 ||    26
       Petrifying        |       |       |     1 ||     1
  Eat: Chunk             |       |     5 |       ||     5
       Bread ration      |       |     1 |       ||     1
